AoeStats
← epic porc epic

Nomad

510432987Analyzed
4v4 RM · 14h ago on Oct 1, 2026· 66m 20s· 8 players
Game mode
Random Map
Map size
231×231
Population
200
Speed
Normal
Resources
Standard
Victory
Conquest
Starting age
Dark Age
Ending age
Imperial Age
RankedLock teamsTeams togetherTeam positionsShared explorationLock speedFull tech treeHidden civsTurbo modeCheats
Victory
Defeat
🇨🇱 Khmer · Chile
696
+18
🇲🇽 Spanish · Mexico
693
+18
🇨🇱 Teutons · Chile
674
+19
🇧🇷 Franks · Brazil
644
+19
🇺🇸 Persians · United States
771
-20
🇨🇦 Romans · Canada
766
-48
🇲🇽 Britons · Mexico
710
-18
🇦🇺 Spanish · Australia
671
-16
Arsaavedra23
16:51 Feudal Age
17:40 Gold Mining
18:23 Stone Mining
18:25 Double-Bit Axe
23:42 Castle Age
25:19 Wheelbarrow
26:50 Fishing Lines
27:35 Gillnets
28:07 Bow Saw
33:15 Fortified Wall
37:43 Imperial Age
35:50 Horse Collar
39:36 Chemistry
41:08 Conscription
41:08 Hand Cart
44:00 Masonry
45:27 Husbandry
45:38 Bloodlines
46:43 Pikeman
54:05 Caravan
57:39 Cavalier
Jx
5:37 Loom
20:13 Feudal Age
22:59 Wheelbarrow
22:10 Town Watch
22:11 Double-Bit Axe
22:07 Horse Collar
28:09 Castle Age
29:09 Hand Cart
34:46 Heavy Plow
40:31 Imperial Age
38:34 Fletching
38:51 Caravan
39:55 Scale Barding Armor
40:01 Forging
40:09 Fervor
41:00 Chain Barding Armor
41:17 Iron Casting
40:38 Bodkin Arrow
41:41 Fortified Wall
42:31 Chemistry
41:42 Masonry
41:52 Ballistics
41:27 Murder Holes
40:57 Light Cavalry
41:48 Bloodlines
41:38 Husbandry
42:06 Ballistics
41:39 Heated Shot
43:57 Plate Barding Armor
44:23 Blast Furnace
43:25 Scale Mail Armor
43:25 Padded Archer Armor
44:09 Hussar
45:14 Capped Ram
47:22 Town Patrol
47:20 Stone Mining
47:20 Gold Mining
48:04 Crop Rotation
47:56 Conscription
47:50 Bracer
48:07 Chain Mail Armor
48:07 Leather Archer Armor
49:33 Elite Cannon Galleon
50:48 Architecture
50:23 Siege Engineers
50:50 Ring Archer Armor
52:14 Tusk Swords
51:45 Sappers
52:53 Hoardings
61:08 Guard Tower
62:09 Elite Battle Elephant
sebajr10
15:27 Feudal Age
18:34 Forging
20:16 Horse Collar
20:49 Scale Barding Armor
22:31 Double-Bit Axe
23:15 Fishing Lines
27:22 Castle Age
27:11 Wheelbarrow
26:30 Gold Mining
27:38 Scale Mail Armor
28:43 Iron Casting
27:35 Pikeman
28:16 Squires
28:11 Stone Mining
29:19 Bow Saw
30:42 Stone Shaft Mining
35:11 Chain Barding Armor
42:57 Imperial Age
43:01 Cavalier
43:53 Bloodlines
44:46 Blast Furnace
44:22 Plate Barding Armor
45:03 Elite Teutonic Knight
47:21 Chemistry
49:01 Paladin
53:32 Conscription
59:05 Elite Teutonic Knight
[MCC] Bacteria-Am
5:10 Loom
16:27 Feudal Age
23:27 Castle Age
22:43 Scale Barding Armor
22:49 Forging
22:27 Double-Bit Axe
23:16 Stone Mining
23:16 Gold Mining
26:41 Wheelbarrow
31:25 Chain Barding Armor
31:43 Iron Casting
31:10 Padded Archer Armor
31:01 Fletching
32:29 Hand Cart
33:58 Town Watch
34:30 Bow Saw
35:23 Medium Warships
36:58 Gold Shaft Mining
37:55 Leather Archer Armor
37:36 Bodkin Arrow
41:24 Imperial Age
39:26 Careening
39:28 Clinker Construction
39:15 Murder Holes
40:47 Fortified Wall
40:43 Siphons
40:59 Ballistics
43:21 Chemistry
42:43 Carvel Hull
42:44 Dry Dock
42:52 Heavy Warships
42:03 Capped Ram
43:22 Plate Barding Armor
43:48 Blast Furnace
42:50 Husbandry
42:13 Cavalier
43:40 Paladin
43:50 Demolition Ship
50:53 Scale Mail Armor
50:15 Pikeman
50:56 Squires
50:41 Arson
51:33 Halberdier
52:37 Chain Mail Armor
54:48 Plate Mail Armor
55:50 Town Patrol
epic porc epic
19:42 Feudal Age
20:10 Double-Bit Axe
20:07 Horse Collar
22:22 Wheelbarrow
21:44 Gold Mining
24:24 Man-at-Arms
24:30 Man-at-Arms
28:56 Castle Age
28:27 Scale Mail Armor
28:32 Scale Barding Armor
28:31 Padded Archer Armor
28:21 Fletching
28:42 Forging
30:28 Hand Cart
30:00 Pikeman
30:43 Squires
31:40 Gold Shaft Mining
33:06 Stone Mining
33:38 Long Swordsman
33:40 Crossbowman
35:46 Bow Saw
35:50 Heavy Plow
36:39 Husbandry
36:00 Light Cavalry
37:25 Chain Mail Armor
37:46 Iron Casting
37:29 Leather Archer Armor
37:10 Bodkin Arrow
37:36 Chain Barding Armor
38:10 Ballistics
40:54 Imperial Age
40:57 Heavy Scorpion
42:05 Heavy Plow
43:51 Ballistas
43:19 Legionary
46:06 Chemistry
49:40 Elite Centurion
wigfunk
3:36 Loom
16:43 Feudal Age
24:34 Castle Age
24:43 Wheelbarrow
25:56 Crossbowman
31:42 Elite Skirmisher
35:10 Murder Holes
39:13 Hand Cart
38:21 Pikeman
38:49 Town Watch
44:53 Hand Cart
D4RKK
7:28 Loom
16:07 Feudal Age
19:40 Double-Bit Axe
19:39 Horse Collar
20:11 Fishing Lines
22:00 Wheelbarrow
22:22 Gold Mining
22:46 Stone Mining
25:00 Castle Age
28:52 Heavy Plow
28:54 Gillnets
34:18 Bow Saw
34:53 Squires
34:13 Pikeman
35:27 Kamandaran
36:35 Thumb Ring
35:50 Crossbowman
37:37 Medium Warships
40:44 Imperial Age
39:51 Gold Shaft Mining
39:51 Stone Shaft Mining
39:58 Caravan
40:40 Elite War Elephant
43:07 Hand Cart
44:01 Chemistry
48:54 Thumb Ring
49:24 Halberdier
52:14 Scale Barding Armor
52:10 Padded Archer Armor
52:11 Scale Mail Armor
52:21 Forging
59:17 Conscription
65:59 Chain Mail Armor
yawentseng1102
15:02 Feudal Age
15:31 Man-at-Arms
26:07 Castle Age
30:11 Double-Bit Axe
31:28 Caravan
35:34 Horse Collar
43:11 Imperial Age
44:59 Chemistry
45:13 Pikeman
50:46 Town Watch
51:36 Wheelbarrow
55:10 Light Cavalry
55:21 Halberdier
62:56 Bow Saw
Connection lost

Rejoining the realm…

Still unreachable

The connection could not be restored.

Session expired

The server has moved on; the page needs a fresh start.